 Dungeon Crawl Stone Soup version 0.29.1-13-g9f3cf754e1 (webtiles) character file.

Game seed: 7186322093085472557

3061 retardedninja the Fighter (level 9, 0/59 HPs)
             Began as a Gargoyle Fighter on Jan 26, 2023.
             Was an Initiate of Gozag.
             Slain by a killer bee (3 damage)
             ... on level 6 of the Dungeon.
             The game lasted 00:09:40 (9453 turns).

retardedninja the Fighter (Gargoyle Fighter)        Turns: 9453, Time: 00:09:44

Health: 0/59       AC: 27    Str: 24    XL:     9   Next: 88%
Magic:  9/9        EV:  6    Int:  9    God:    Gozag
Gold:   920        SH:  5    Dex:  9    Spells: 8/8 levels left

rFire   . . .      SeeInvis .   a - +1 flail (vorpal)
rCold   . . .      Faith    .   c - +0 buckler
rNeg    + . .      Spirit   .   h - +0 plate armour
rPois   ∞          Reflect  .   e - +1 helmet
rElec   +          Harm     .   k - +1 cloak
rCorr   .          Rampage  .   x - +1 pair of gloves
Will    .....                   (no boots)
Stlth   ..........              (no amulet)
HPRegen 0.19/turn               (no ring)
MPRegen 0.11/turn               (no ring)

@: gold aura
A: sickness immunity, AC +6, negative energy resistance 1, electricity
resistance, torment resistance 1, petrification resistance
a: Renounce Religion, Potion Petition, Call Merchant, Bribe Branch


You were on level 6 of the Dungeon.
You worshipped Gozag.
Gozag was pleased with you.
You visited 2 branches of the dungeon, and saw 8 of its levels.

You collected 1019 gold pieces.
You paid 99 gold pieces to Gozag.

Inventory:

Hand Weapons
 a - a +1 vorpal flail (weapon)
Missiles
 u - 3 throwing nets (quivered)
Armour
 c - a +0 buckler (worn)
 e - a +1 helmet (worn)
 h - a +0 plate armour (worn)
 k - a +1 cloak (worn)
 x - a +1 pair of gloves (worn)
Jewellery
 s - a ring of willpower
Wands
 t - a wand of roots (15)
 v - a wand of digging (11)
 w - a wand of charming (7)
Scrolls
 i - a scroll of immolation
 m - a scroll of blinking
 o - 4 scrolls of teleportation
 p - 2 scrolls of identify
Potions
 b - 2 potions of haste {unknown}
 d - 2 potions of cancellation {unknown}
 f - 3 potions of degeneration
 g - 3 potions of mutation
 j - 3 potions of ambrosia
 l - 3 potions of flight
 n - 2 potions of resistance
 q - 2 potions of heal wounds


   Skills:
 + Level 8.1 Fighting
 + Level 7.0 Maces & Flails
 + Level 8.1 Armour
 + Level 8.1 Shields


You had 8 spell levels left.
You didn't know any spells.
Your spell library contained the following spells:

 Spells                   Type           Power      Damage    Failure   Level
 Fireball                 Conj/Fire      0%         3d3       100%        5
 Iskenderun's Battlesphe  Conj           0%         2d6       100%        5
 Conjure Ball Lightning   Conj/Air       0%         3x3d6     100%        6
 Orb of Destruction       Conj           0%         9d5       100%        7


Dungeon Overview and Level Annotations

Branches:
Dungeon (7/15)             Temple (1/1) D:6

Altars:
Ashenzari
Cheibriados
Dithmenos
Elyvilon
Fedhas
Gozag
Hepliaklqana
Makhleb
Nemelex Xobeh
Qazlal
Ru
Sif Muna
Trog
Uskayaw
Wu Jian
Xom
Yredelemnul
Zin
The Shining One

Annotations:
D:2 1 runed translucent door, Crazy Yiuf
D:3 2 transporters


Innate Abilities, Weirdness & Mutations

You are immune to sickness and miasma.
Your stone body is resilient. (AC +6)
You are immune to poison.
You resist negative energy. (rN+)
You are resistant to electric shocks. (rElec)
You are resistant to unholy torment.
You are immune to petrification.


Message History

You block the killer bee's attack. The killer bee barely misses you.
You block the killer bee's attack.
The killer bee stings you but does no damage.
You block the killer bee's attack. The killer bee stings you!
* * * LOW HITPOINT WARNING * * *
You see here 5 gold pieces.
You barely miss the killer bee.
The killer bee stings you but does no damage.
The killer bee stings you.
* * * LOW HITPOINT WARNING * * *
You block the killer bee's attack.
The killer bee stings you but does no damage.
The killer bee barely misses you. The killer bee stings you.
* * * LOW HITPOINT WARNING * * *
Unknown command.
You feel better. The killer bee closely misses you.
The killer bee stings you but does no damage.
The killer bee closely misses you. The killer bee stings you.
The killer bee barely misses you. x2
You barely miss the killer bee.
The killer bee is moderately wounded.
The killer bee barely misses you.
The killer bee stings you but does no damage.
The killer bee stings you.
* * * LOW HITPOINT WARNING * * *
The killer bee stings you but does no damage. x2
You block the killer bee's attack.
You closely miss the killer bee.
The killer bee is moderately wounded.
The killer bee stings you but does no damage.
The killer bee barely misses you.
The killer bee is distracted by your dazzling golden aura.
The killer bee stings you but does no damage.
The killer bee stings you!
* * * LOW HITPOINT WARNING * * *
The killer bee stings you!
* * * LOW HITPOINT WARNING * * *
The killer bee stings you.
You die...
Your body crumbles into a pile of gold.

# ##.###..##
#####....# #
#.......#
####.# ###
######..#
#.####..
#..#########
#..#(..#
#..........#
##.###.#
###........#
#..##.#
#.>......#
##.....
#..y.....#
###...
#..y@y>..#
###.
#........#
#.
#........#
##
##########


You could see 3 killer bees.

Vanquished Creatures
  A wyvern (D:6)
  3 water moccasins
  3 orc warriors
  A sky beast (D:6)
  2 ice beasts
  A hornet zombie (D:6)
  5 ogres
  A centaur (D:5)
  A kobold brigand (D:6)
  A bullfrog (D:7)
  A necrophage (D:5)
  2 scorpions (D:5)
  6 wights (D:7)
  A killer bee (D:6)
  A howler monkey (D:6)
  4 hounds
  An orc priest (D:6)
  2 jellies
  Jessica (D:2)
  5 iguanas
  2 orc wizards
  A killer bee zombie (D:6)
  The ghost of croobank the Sneak, a weakling OpDe (D:4)
  9 gnolls
  6 adders
  A shadow imp (D:4)
  An ufetubus (D:4)
  5 dart slugs
  14 orcs
  5 endoplasms
  6 giant cockroaches
  6 goblins
  11 hobgoblins
  4 jackals (D:5)
  9 quokkas
  6 ball pythons
  8 bats
  4 frilled lizards
  14 kobolds
  9 rats
165 creatures vanquished.

Notes
Turn   | Place    | Note
-------+----------+-------------------------------------------
     0 | D:1      | retardedninja the Gargoyle Fighter began the quest for the
                  | Orb.
     0 | D:1      | Reached XP level 1. HP: 14/14 MP: 1/1
   211 | D:1      | Reached XP level 2. HP: 19/19 MP: 2/2
   728 | D:1      | Reached XP level 3. HP: 23/23 MP: 3/3
  1147 | D:2      | Found a runed translucent door.
  1148 | D:2      | Noticed Crazy Yiuf
  1721 | D:2      | Noticed Jessica
  1727 | D:2      | Killed Jessica
  1728 | D:2      | Reached XP level 4. HP: 23/29 MP: 4/4
  2120 | D:3      | Found a faded altar of an unknown god.
  2156 | D:3      | Found a transporter.
  2251 | D:3      | Found a transporter.
  2935 | D:4      | Reached XP level 5. HP: 16/33 MP: 5/5
  3557 | D:4      | Noticed an orc warrior
  3565 | D:4      | Killed an orc warrior
  3566 | D:4      | Reached XP level 6. HP: 27/39 MP: 6/6
  3612 | D:4      | Noticed a water moccasin
  3625 | D:4      | Killed a water moccasin
  3626 | D:4      | Reached skill level 5 in Shields
  3992 | D:4      | Found a runed translucent gate.
  3994 | D:4      | Found a runed translucent gate.
  3994 | D:4      | Found an opulent altar of Gozag.
  3995 | D:4      | Found a runed translucent gate.
  4036 | D:4      | Noticed a water moccasin
  4036 | D:4      | Noticed croobank's ghost (weakling OpDe)
  4165 | D:4      | Reached skill level 5 in Fighting
  4201 | D:4      | Killed a water moccasin
  4202 | D:4      | Reached skill level 5 in Armour
  4202 | D:4      | Reached XP level 7. HP: 29/44 MP: 7/7
  4204 | D:4      | Killed croobank's ghost
  4432 | D:4      | Became a worshipper of Gozag Ym Sagoz the Greedy
  4547 | D:4      | Found an ornate altar of the Wu Jian Council.
  4721 | D:4      | Found a burning altar of Makhleb.
  5095 | D:5      | Entered Level 5 of the Dungeon
  5457 | D:5      | Reached XP level 8. HP: 51/51 MP: 8/8
  5557 | D:5      | Reached skill level 5 in Maces & Flails
  5946 | D:5      | HP: 1/51 [ogre/+0 giant club (13)]
  7175 | D:5      | Noticed a moth of wrath
  7179 | D:5      | Found a bloodstained altar of Trog.
  7319 | D:6      | Found a staircase to the Ecumenical Temple.
  7519 | Temple   | Entered the Ecumenical Temple
  7655 | D:6      | Noticed a wyvern
  7665 | D:6      | Reached XP level 9. HP: 54/56 MP: 9/9
  8551 | D:6      | Found a basalt altar of Yredelemnul.
  9453 | D:6      | Slain by a killer bee

Illustrated notes

Levels and vault maps discovered:
D:1:      psy_arrival_basics, layout_loops_ring, st_stairs_9
D:2:      layout_basic, dk_noncrumbling_2, uniq_jessica, uniq_crazy_yiuf_cottage
D:3:      gammafunk_steamed_eel, layout_basic,
          shapermc_ecumenical_altar_starsandcircs, minmay_pentomino_pile
D:4:      layout_basic, nzn_wu_jian_council_hall, marbit_many_paths,
          ebering_ghost_gozag
D:5:      layout_basic, tgw_trog, serial_curves, eino_curves_04, eino_curves_04,
          eino_curves_02, grunt_ministairs_14, roderic_serpentine_path,
          serial_bayou_pond_e
D:6:      layout_rooms, lemuel_zombie_altar_yredelemnul,
          minmay_temple_entry_drinking_statues, grunt_ministairs_15,
          hangedman_decor_peaks_small
D:7:      layout_layer_cave, kennysheep_decorative_pillar
Temple:   zaba_magenta_temple

Skill      XL: |  1  2  3  4  5  6  7  8  9 |
---------------+----------------------------+-----
Fighting       | 4 5 6 8 |  8.1
Armour         | 4 5 6 8 |  8.1
Shields        | 4 5 6 8 |  8.1
Maces & Flails | 3 4 5 7 |  7.0

Action                   |  1- 3 |  4- 6 |  7- 9 || total
-------------------------+-------+-------+-------++-------
Melee: Flail             |   115 |   140 |   352 ||   607
  Use: Potion            |       |     1 |     4 ||     5
       Scroll            |       |    15 |     3 ||    18
 Stab: Distracted        |       |       |     1 ||     1
Armor: Scale mail        |    60 |   108 |    64 ||   232
       Plate armour      |       |       |   318 ||   318
Dodge: Dodged            |    66 |   106 |   176 ||   348
Block: Buckler           |    25 |    63 |   143 ||   231
